 Dungeon Crawl Stone Soup version 0.22-a0-253-gf9d0ce5 (webtiles) character file.

2034 b5mith the Fighter (level 9, -1/121 HPs)
             Began as a Minotaur Berserker on Mar 3, 2018.
             Was an Elder of Trog.
             Slain by a gnoll
             ... wielding a +0 halberd
              (5 damage)
             ... on level 6 of the Dungeon.
             The game lasted 00:10:44 (4777 turns).

b5mith the Fighter (Minotaur Berserker)             Turns: 4777, Time: 00:10:46

Health: -1/121     AC:  1    Str: 30    XL:     9   Next: 3%
Magic:  8/8        EV: 12    Int:  4    God:    Trog [****..]
Gold:   168        SH:  8    Dex: 10    Spells: 8/8 levels left

rFire    . . .     SeeInvis .   a - +0 falchion
rCold    . . .     Gourm    .   m - +0 shield
rNeg     . . .     Faith    .   (no armour)
rPois    .         Spirit   .   (helmet restricted)
rElec    .         Reflect  .   (no cloak)
rCorr    .         Harm     .   (no gloves)
MR       .....     Rnd*Tele +   r - +0 pair of boots
Stlth    ..........             (no amulet)
HPRegen  0.30/turn              v - ring of teleportation (curse)
MPRegen  0.11/turn              (no ring)

@: berserking, very quick
A: retaliatory headbutt, horns 2
a: Berserk, Trog's Hand, Brothers in Arms, Renounce Religion


You were on level 6 of the Dungeon.
You worshipped Trog.
Trog was greatly pleased with you.
You were near starving.

You visited 1 branch of the dungeon, and saw 6 of its levels.

You collected 291 gold pieces.
You spent 123 gold pieces at shops.

Inventory:

Hand Weapons
 a - a +0 falchion (weapon)
Missiles
 h - 6 tomahawks (quivered)
Armour
 b - a +0 animal skin
 j - a +0 chain mail
 m - a +0 shield (worn)
 r - a +0 pair of boots (worn)
 y - a +0 plate armour
Jewellery
 v - a cursed ring of teleportation (left hand)
Wands
 t - a wand of flame (32)
Scrolls
 e - 3 scrolls of identify {@r1}
 l - a scroll of amnesia {unknown}
 n - a scroll of teleportation {unknown}
 q - 3 scrolls of remove curse {unknown}
 s - 3 scrolls of immolation {unknown}
 x - a scroll of enchant armour
Potions
 d - a potion of lignification {unknown}
 f - 3 potions of brilliance {unknown}
 g - 2 potions of resistance {unknown}
 i - a potion of degeneration {unknown}
 k - a potion of heal wounds {unknown}
 o - a potion of magic {unknown}
 p - a potion of curing {@q1}
 u - 2 potions of haste {unknown}
Comestibles
 c - 9 rations


   Skills:
 + Level 8.0 Fighting
 + Level 7.9 Long Blades
 + Level 7.4 Armour
 + Level 6.8 Dodging


You had 8 spell levels left.
You didn't know any spells.

Dungeon Overview and Level Annotations

Branches:
Dungeon (6/15)             Temple (0/1) D:4

Altars:
Dithmenos
Fedhas
Makhleb
Nemelex Xobeh
Trog
Yredelemnul

Shops:
D:5 [*   D:6 *[:


Innate Abilities, Weirdness & Mutations

You reflexively headbutt those who attack you in melee.
You have a pair of horns on your head.


Message History

A red film seems to cover your vision as you go berserk!
You feel yourself moving faster!
You feel mighty!
You are feeling very hungry.
You block the worker ant's attack. The adder zombie barely misses you.
The gnoll hits you!
* * * LOW HITPOINT WARNING * * *
You are near starving!
You hit the gnoll. Your headbutt misses the gnoll.
The gnoll is moderately wounded.
You block the worker ant's attack.
The gnoll hits you from afar with a halberd.
* * * LOW HITPOINT WARNING * * *
The adder zombie closely misses you.
You slash the gnoll!
You kill the gnoll!
Trog accepts your kill. You block the worker ant's attack.
The adder zombie bites you but does no damage.
The gnoll hits you from afar with a halberd.
You die...

#.....########
##)..........# .....
.†([)...∩....## .... .
..))........... ... .[
.............# .. .Z
.............### .# .#
.........(...∩.###.#..#.#
..............g##a5......
...............)@Z#
...............####
....=........$.#
...............#
...............#
........#......#
..........##...#
.####..........#
##.#.#....!..


You could see a worker ant, a gnoll, a crimson imp and an adder zombie.

Vanquished Creatures
  2 orc warriors
  The ghost of partyfoot3 the Ruffian, an amateur OgTm (D:3)
  A sky beast (D:5)
  5 phantoms
  An ogre (D:4)
  A centaur (D:6)
  Blork the orc (D:5)
  A bullfrog (D:6)
  A scorpion (D:6)
  3 crimson imps
  2 centaur skeletons
  2 hounds (D:4)
  2 orc priests
  9 orc wizards
  3 worker ants
  Terence (D:2)
  8 gnolls
  7 adders
  3 dart slugs
  2 worms
  4 leopard geckos
  27 orcs
  A bat (D:2)
  3 giant cockroaches
  5 goblins
  6 hobgoblins
  12 jackals
  A ball python (D:5)
  6 frilled lizards
  5 kobolds
  A leopard gecko zombie (D:5)
  7 rats
134 creatures vanquished.

Notes
Turn   | Place    | Note
-------+----------+-------------------------------------------
     0 | D:1      | b5mith the Minotaur Berserker began the quest for the Orb.
     0 | D:1      | Reached XP level 1. HP: 19/19 MP: 0/0
   156 | D:1      | Reached XP level 2. HP: 22/27 MP: 1/1
   536 | D:1      | Reached skill level 4 in Fighting
   582 | D:2      | Found a faded altar of an unknown god.
   803 | D:2      | Found a blossoming altar of Fedhas.
   815 | D:2      | Reached XP level 3. HP: 32/33 MP: 2/2
   881 | D:2      | Noticed Terence
   889 | D:2      | Killed Terence
   924 | D:2      | Reached ** piety under Trog
  1376 | D:3      | Reached XP level 4. HP: 33/41 MP: 3/3
  1530 | D:3      | Noticed partyfoot3's ghost (amateur OgTm)
  1547 | D:3      | Killed partyfoot3's ghost
  1547 | D:3      | Reached XP level 5. HP: 30/47 MP: 4/4
  1671 | D:3      | Found a basalt altar of Yredelemnul.
  2002 | D:4      | Noticed an ogre
  2014 | D:4      | Killed an ogre
  2014 | D:4      | Reached skill level 5 in Fighting
  2014 | D:4      | Reached skill level 5 in Long Blades
  2014 | D:4      | Reached XP level 6. HP: 30/56 MP: 5/5
  2573 | D:4      | Found a staircase to the Ecumenical Temple.
  2624 | D:4      | Found a shadowy altar of Dithmenos.
  2647 | D:4      | Reached skill level 5 in Armour
  2647 | D:4      | Reached XP level 7. HP: 62/62 MP: 6/6
  2861 | D:4      | Found a bloodstained altar of Trog.
  2869 | D:4      | Reached skill level 6 in Fighting
  3041 | D:4      | Reached skill level 5 in Dodging
  3052 | D:4      | Reached *** piety under Trog
  3301 | D:5      | Entered Level 5 of the Dungeon
  3571 | D:5      | Noticed Blork the orc
  3588 | D:5      | Killed Blork the orc
  3588 | D:5      | Reached XP level 8. HP: 56/71 MP: 7/7
  3605 | D:5      | Found Liuran's Armour Boutique.
  3674 | D:5      | Reached skill level 7 in Fighting
  3748 | D:5      | Found a sparkling altar of Nemelex Xobeh.
  3764 | D:5      | Found a burning altar of Makhleb.
  3941 | D:5      | Found Kykim's General Store.
  3971 | D:5      | Bought a scroll of identify for 26 gold pieces
  3971 | D:5      | Bought a scroll of enchant armour for 97 gold pieces
  4674 | D:6      | Found Dihek's Armour Shoppe.
  4676 | D:6      | Reached **** piety under Trog
  4709 | D:6      | Reached skill level 8 in Fighting
  4709 | D:6      | Reached XP level 9. HP: 34/81 MP: 8/8
  4747 | D:6      | Found Udyat's General Store.
  4753 | D:6      | Found Viymudde's Book Boutique.
  4776 | D:6      | HP: 4/121 [gnoll/halberd (4)]
  4777 | D:6      | Slain by a gnoll

Vault maps used:
D:1:      dpeg_arrival_pond
D:2:      nicolae_overflow_crystal_walls, chequers_ecumenical_altar_simple,
          uniq_terence
D:3:      nicolae_overflow_hidden_temple, first_ration
D:4:      grunt_dithmenos_smoke, marbit_many_paths, minmay_temple_entry_grid
D:5:      kennysheep_mini_moat, nemelex_xobeh_ov_fountains_minmay, serial_shops,
          nicolae_shop_waterfront, shop, kennysheep_generic_room_12,
          uniq_blork_the_orc
D:6:      serial_shops, shop, shop, shop, shop

Skill      XL: |  1  2  3  4  5  6  7  8 |
---------------+-------------------------+-----
Fighting       | 4 5 6 8 |  8.0
Long Blades    | 4 5 6 7 |  7.9
Armour         | 3 4 5 6 7 |  7.4
Dodging        | 3 4 5 6 |  6.8

Action                   |  1- 3 |  4- 6 |  7- 9 || total
-------------------------+-------+-------+-------++-------
Melee: Falchion          |    75 |   131 |   204 ||   410
       Headbutt          |    18 |    29 |    52 ||    99
Invok: Berserk           |       |     1 |     3 ||     4
  Use: Scroll            |       |     1 |       ||     1
       Potion            |       |       |     1 ||     1
 Stab: Sleeping          |     1 |       |       ||     1
  Eat: Chunk             |     1 |     6 |     5 ||    12
       Ration            |       |       |     1 ||     1
Armor: Animal skin       |     4 |       |       ||     4
       Chain mail        |    10 |    65 |   122 ||   197
       Skin              |       |       |     3 ||     3
Dodge: Dodged            |    36 |    46 |    92 ||   174
Block: Shield            |       |    17 |    88 ||   105
       Rpst.: Falchion   |    11 |    15 |    27 ||    53

Table legend:
 A = Spawn XP
 B = Non-spawn XP
 C = Spawn XP percentage of total XP
 D = Spawn monster count
 E = Non-spawn monster count
 F = Spawn count percentage of total count
 G = Total turns spent on level
                    A         B        C        D         E        F      G
               +---------+---------+-------+---------+---------+-------+---------
         Total |       0 |    2907 |   0.0 |       0 |     134 |   0.0 |  4777
               +---------+---------+-------+---------+---------+-------+---------
           D:1 |       0 |      33 |   0.0 |       0 |      19 |   0.0 |   578
           D:2 |       0 |      52 |   0.0 |       0 |       9 |   0.0 |   732
           D:3 |       0 |     202 |   0.0 |       0 |      20 |   0.0 |   692
           D:4 |       0 |     927 |   0.0 |       0 |      37 |   0.0 |  1436
           D:5 |       0 |     797 |   0.0 |       0 |      24 |   0.0 |  1057
           D:6 |       0 |     896 |   0.0 |       0 |      25 |   0.0 |   282
               +---------+---------+-------+---------+---------+-------+---------
